 Dungeon Crawl Stone Soup version 0.17.1-3-g152610e (webtiles) character file.

734 inmateoo the Slasher (level 7, -20/49 HPs)
             Began as a High Elf Fighter on Feb 22, 2016.
             Demolished by an ogre
             ... wielding a cursed -1 giant club
              (21 damage)
             ... on level 4 of the Dungeon.
             The game lasted 00:06:15 (4000 turns).

inmateoo the Slasher (High Elf Fighter)             Turns: 4000, Time: 00:06:15

Health: -20/49     AC: 12    Str: 17    XL:     7   Next: 45%
Magic:  8/8        EV: 11    Int: 13    God:
Gold:   267        SH: 10    Dex: 19    Spells: 0 memorised, 6 levels left

rFire  . . .     SeeInvis .     a - +0 long sword
rCold  . . .     Clarity  .     f - +0 chain mail
rNeg   . . .     SustAt   .     c - +0 shield
rPois  +         Gourm    .     (no helmet)
rElec  .         Spirit   .     (no cloak)
rCorr  .         Warding  .     g - +2 pair of gloves
rMut   .         Stasis   .     (no boots)
MR     .....                    (no amulet)
Stlth  ..........               s - ring of poison resistance
                                l - ring of wizardry

@: agile, very slightly contaminated, hasted and slowed, not resistant to
hostile enchantments, extremely unstealthy
A: no striking features
a: no special abilities


You were on level 4 of the Dungeon.
You were not hungry.

You visited 1 branch of the dungeon, and saw 4 of its levels.

You collected 267 gold pieces.

Inventory:

Hand Weapons
 a - a +0 long sword (weapon)
Armour
 c - a +0 shield (worn)
 f - a +0 chain mail (worn)
 g - a +2 pair of gloves (worn)
Jewellery
 l - a ring of wizardry (left hand)
 o - an uncursed ring of fire
 s - a ring of poison resistance (right hand)
Scrolls
 h - 4 scrolls of remove curse
 i - 2 scrolls of recharging
 m - a scroll of enchant armour
Potions
 n - 2 potions of flight
Comestibles
 b - a meat ration
 e - 3 bread rations
 j - 5 chunks of flesh
 k - a beef jerky


   Skills:
 + Level 4.6 Fighting
 * Level 6.1 Long Blades
 + Level 4.0 Armour
 + Level 3.1 Dodging
 + Level 4.1 Shields


You had 6 spell levels left.
You didn't know any spells.

Dungeon Overview and Level Annotations

Branches:
Dungeon (4/15)
 Temple: D:4-7

Altars:


Message History

You block the jackal's attack.
The jackal bites you but does no damage.
You block the ogre's attack.
You are very lightly contaminated with residual magic.
Drink which item? (? for menu, Esc to quit)
It was a potion of agility.
You feel agile all of a sudden. You block the jackal's attack.
The jackal misses you.
The orc wizard casts a spell.
The orc wizard blinks!
The ogre barely misses you.
You hit the jackal.
The jackal is moderately wounded.
The orc wizard hits you but does no damage.
You block the jackal's attack.
The orc wizard hits you but does no damage.
Unknown command.
You hit the jackal.
You kill the jackal!
The ogre hits you with a giant club!!
You die...

........## #.######... ..
#.......... #####'#######
#.#####.... §§§≈§§§§≈≈≈≈# #..##
§§...§§§§..≈# #.<# .§...§§o...≈#
#..# .....≈.....≈####### #
###..##
..≈..≈..≈..≈#ooO@o#####.###......
..§.(≈..≈.o≈#.###†##.....##.#..##
..≈§≈≈≈≈≈§.O).# #.##.##.###.#..##
§.§§.≈.)≈..≈#####............[(..
§O§..§..≈..≈####..............###
.....≈§....≈#.....##.##.##....###
.....§....§≈####..##.##.#####....
....§§....§§# #..#...#.#########
≈§≈§≈.≈≈≈≈≈§####...#.............


You could see an ogre, an orc wizard and 2 orcs.

Vanquished Creatures
  Sigmund (D:3)
  Eustachio (D:4)
  A phantom (D:4)
  An ogre (D:4)
  An orc priest (D:3)
  An orc wizard (D:4)
  Jessica (D:3)
  Terence (D:3)
  An iguana (D:3)
  5 adders
  2 oozes (D:4)
  3 worms
  11 orcs
  2 ball pythons
  5 bats
  A giant cockroach (D:1)
  4 goblins
  7 hobgoblins
  8 jackals
  10 kobolds
  A giant gecko skeleton (D:4)
  A giant gecko zombie (D:3)
  2 giant newts
  A quokka (D:4)
  A quokka skeleton (D:4)
  3 rats
76 creatures vanquished.

Notes
Turn   | Place    | Note
--------------------------------------------------------------
     0 | D:1      | inmateoo the High Elf Fighter began the quest for the Orb.
     0 | D:1      | Reached XP level 1. HP: 16/16 MP: 2/2
     0 | D:1      | Noticed a minotaur zombie
     0 | D:1      | Noticed a naga
     1 | D:1      | Noticed a troll
     7 | D:1      | Noticed an elf skeleton
    10 | D:1      | Noticed a troll skeleton
    12 | D:1      | Noticed a troll skeleton
    13 | D:1      | Noticed a formicid zombie
    14 | D:1      | Noticed a spriggan skeleton
    21 | D:1      | Noticed a troll zombie
    24 | D:1      | Noticed a dwarf
   254 | D:1      | Reached XP level 2. HP: 21/21 MP: 3/3
  1199 | D:2      | Reached XP level 3. HP: 26/26 MP: 4/4
  1964 | D:3      | Reached XP level 4. HP: 19/31 MP: 5/5
  2087 | D:3      | Noticed Jessica
  2112 | D:3      | Killed Jessica
  2580 | D:3      | Reached skill level 1 in Dodging
  2743 | D:3      | Noticed Terence
  2750 | D:3      | Killed Terence
  2752 | D:3      | Noticed Sigmund
  2761 | D:3      | Reached skill level 4 in Long Blades
  2761 | D:3      | Reached XP level 5. HP: 15/37 MP: 6/6
  2778 | D:3      | Killed Sigmund
  2778 | D:3      | Reached XP level 6. HP: 43/43 MP: 7/7
  2822 | D:3      | Reached skill level 5 in Long Blades
  3232 | D:4      | Noticed Eustachio
  3274 | D:4      | Killed Eustachio
  3274 | D:4      | Reached XP level 7. HP: 18/49 MP: 8/8
  3823 | D:4      | Reached skill level 6 in Long Blades
  3996 | D:4      | HP: 1/49 [ogre/giant club (24)]
  4000 | D:4      | Demolished by an ogre

Action                   |  1- 3 |  4- 6 |  7- 9 || total
-------------------------+-------+-------+-------++-------
Melee: Long sword        |   141 |   170 |    55 ||   366
  Use: Scroll            |     4 |     8 |       ||    12
       Potion            |       |     4 |     3 ||     7
  Eat: Chunk             |     3 |     4 |       ||     7
       Bread ration      |       |       |     1 ||     1
